 Dungeon Crawl Stone Soup version 0.27.0-1-g7a089689b8 (webtiles) character file.

Game seed: 7705133165842733007

53 robertstho the Insei (level 3, 0/23 HPs)
             Began as an Octopode Transmuter on Aug 6, 2021.
             Slain by a giant cockroach (1 damage)
             ... on level 1 of the Dungeon.
             The game lasted 00:01:27 (1446 turns).

robertstho the Insei (Octopode Transmuter)          Turns: 1446, Time: 00:01:28

Health: 0/23       AC:  1    Str:  9    XL:     3   Next: 87%
Magic:  15/15      EV: 13    Int: 16    God:
Gold:   37         SH:  0    Dex: 12    Spells: 3/6 levels left

rFire    . . .     SeeInvis .     - Unarmed
rCold    . . .     Faith    .   (no shield)
rNeg     . . .     Spirit   .   (helmet restricted)
rPois    .         Reflect  .   c - amulet of magic regeneration
rElec    .         Harm     .   b - ring of magical power
rCorr    .         Rampage  .   (no ring)
Will     .....                  (no ring)
Stlth    +++.......             (no ring)
HPRegen  0.07/turn              (no ring)
MPRegen  0.39/turn              (no ring)
                                (no ring)
                                (no ring)

@: no status effects
A: almost no armour, amphibious, 8 rings, camouflage 1, gelatinous body 1,
(nimble swimmer 1), tentacles
a: no special abilities


You were on level 1 of the Dungeon.
You visited 1 branch of the dungeon, and saw 2 of its levels.

You collected 37 gold pieces.

Inventory:

Jewellery
 b - a ring of magical power (left tentacle)
 c - an amulet of magic regeneration (around mantle)
Scrolls
 d - a scroll of enchant weapon {unknown}
Potions
 a - 2 potions of lignification {unknown}


   Skills:
 + Level 1.2 Fighting
 + Level 2.4 Dodging
 * Level 1.4 Stealth
 + Level 3.5 Unarmed Combat
 * Level 2.4 Spellcasting
 + Level 2.4 Transmutations


You had 3 spell levels left.
You knew the following spells:

 Your Spells              Type           Power      Damage    Failure   Level
a - Beastly Appendage     Tmut           18%        N/A       8%          1
b - Wereblood             Tmut           9%         N/A       11%         2

Your spell library contained the following spells:

 Spells                   Type           Power      Damage    Failure   Level
 Spider Form              Tmut/Pois      2%         N/A       36%         3
 Ice Form                 Ice/Tmut       5%         N/A       77%         4


Dungeon Overview and Level Annotations

Branches:
Dungeon (2/15)

Altars:


Innate Abilities, Weirdness & Mutations

You cannot wear most types of armour.
You are amphibious.
You can wear up to eight rings at the same time.
Your skin changes colour to match your surroundings (Stealth+).
Your rubbery body absorbs attacks. (AC +1, EV +1)
((You are camouflaged near water. (Stealth+)))
You have tentacles for arms and can constrict up to eight enemies at once.


Message History

You constrict the worm. The worm bites you.
You tentacle-slap the worm but do no damage.
The worm is almost dead.
You constrict the worm. You tentacle-slap the worm.
You kill the worm!
The worm barely misses you.
You tentacle-slap the worm. Your grab misses the worm.
The worm is moderately wounded.
You tentacle-slap the worm but do no damage.
You grab the worm.
The worm is moderately wounded.
You constrict the worm. The worm completely misses you.
You tentacle-slap the worm.
The worm is heavily wounded.
You constrict the worm. You tentacle-slap the worm.
The worm is severely wounded.
You constrict the worm. The worm bites you!
* * * LOW HITPOINT WARNING * * *
You are too injured to fight recklessly!
You are too injured to fight recklessly!
You are too injured to fight recklessly!
You release your grip on the worm.
The giant cockroach bites you.
* * * LOW HITPOINT WARNING * * *
The giant cockroach bites you.
* * * LOW HITPOINT WARNING * * *
The giant cockroach misses you. The giant cockroach bites you.
* * * LOW HITPOINT WARNING * * *
There is a stone staircase leading up, spattered with blood here.
The giant cockroach misses you.
You climb upwards.
There is a stone staircase leading down here.
You tentacle-slap the giant cockroach but do no damage.
Your grab misses the giant cockroach. The giant cockroach bites you.
* * * LOW HITPOINT WARNING * * *
You barely miss the giant cockroach. Your grab misses the giant cockroach.
The giant cockroach bites you.
You die...

################ #
#...##.........# #
###...##.#######.######
#.)....................
#.รทรท..@..#######.#####.
#..)...B.......#.# #.
#.#)..##.#####.#.# #.
#.#.........##.#.#####.
##.#..###.##.##.........
#..#..# #.##.##.#.#.###.
#.....###...........# ##
#.###....######.########
#.# ####(# #.........


You could see a giant cockroach.

Vanquished Creatures
  An adder (D:2)
  A worm (D:2)
  7 bats (D:1)
  An endoplasm (D:1)
  3 giant cockroaches
  4 goblins (D:1)
  3 hobgoblins (D:1)
  4 jackals (D:1)
  2 kobolds (D:1)
  2 quokkas (D:1)
  5 ball pythons
  A frilled lizard (D:1)
  2 rats (D:1)
36 creatures vanquished.

Notes
Turn   | Place    | Note
-------+----------+-------------------------------------------
     0 | D:1      | robertstho the Octopode Transmuter began the quest for the
                  | Orb.
     0 | D:1      | Reached XP level 1. HP: 13/13 MP: 3/3
   219 | D:1      | Reached XP level 2. HP: 12/18 MP: 5/5
   534 | D:1      | Reached skill level 1 in Stealth
   786 | D:1      | Learned a level 2 spell: Wereblood
   845 | D:1      | Reached XP level 3. HP: 15/23 MP: 6/6
  1445 | D:1      | HP: 1/23 [giant cockroach (1)]
  1446 | D:1      | Slain by a giant cockroach

Illustrated notes

Levels and vault maps discovered:
D:1:      mrwooster_arrival_statue_3, layout_loops_ring
D:2:      layout_rooms, chequers_ecumenical_altar_simple_redux, uniq_robin,
          uniq_terence, uniq_jessica

Skill      XL: |  1  2 |
---------------+-------+-----
Stealth        | 1 |  1.4
Fighting       | |  1.2
Dodging        | |  2.4
Unarmed Combat | |  3.5
Spellcasting   | |  2.4
Transmutations | |  2.4

Action                   || total
-------------------------++-------
Melee: Unarmed           ||    93
       Constrict         ||    26
       Tentacles         ||    17
       Punch             ||     2
 Stab: Sleeping          ||     4
Armor: Skin              ||    11
Dodge: Dodged            ||    65
